 Dungeon Crawl Stone Soup version 0.25.0-9-g26727b657a (webtiles) character file.

Game seed: 7209355728271152375

42 Gwenloh the Caller (level 3, -9/27 HPs)
             Began as a Demigod Summoner on June 18, 2020.
             Mangled by an ogre
             ... wielding a +0 giant club
              (15 damage)
             ... on level 4 of the Dungeon.
             The game lasted 00:11:16 (2757 turns).

Gwenloh the Caller (Demigod Summoner)               Turns: 2757, Time: 00:11:16

Health: -9/27      AC:  3    Str: 11    XL:     3   Next: 19%
Magic:  4/8        EV: 12    Int: 21    God:
Gold:   136        SH:  0    Dex: 16    Spells: 0/6 levels left

rFire    . . .     SeeInvis .   a - +0 dagger
rCold    . . .     Gourm    .   (no shield)
rNeg     . . .     Faith    .   u - +0 leather armour
rPois    .         Spirit   .   (no helmet)
rElec    .         Reflect  .   (no cloak)
rCorr    .         Harm     .   (no gloves)
MR       +....                  (no boots)
Stlth    ++........             (no amulet)
HPRegen  0.09/turn              n - ring of protection from magic
MPRegen  0.11/turn              (no ring)

@: no status effects
A: high mp 1
a: no special abilities


You were on level 4 of the Dungeon.
You were hungry.

You visited 1 branch of the dungeon, and saw 3 of its levels.

You collected 136 gold pieces.

Inventory:

Hand Weapons
 a - a +0 dagger (weapon)
 b - a +0 hunting sling
 g - a +0 club
Missiles
 d - 76 stones (quivered)
Armour
 i - +0 pearl dragon scales
 l - a +0 robe
 u - a +0 leather armour (worn)
Jewellery
 n - a ring of protection from magic (left hand)
Scrolls
 e - a scroll of enchant armour {unknown}
 f - 3 scrolls of identify {unknown}
 k - 2 scrolls of amnesia {unknown}
 m - a scroll of immolation {unknown}
 r - a scroll of teleportation {unknown}
 s - 3 scrolls of remove curse {unknown}
Potions
 h - a potion of flight {unknown}
 j - a potion of mutation {unknown}
 o - a potion of stabbing {unknown}
 p - a potion of resistance {unknown}
 t - 2 potions of heal wounds {unknown}
Comestibles
 c - 4 rations


   Skills:
 + Level 0.9 Fighting
 + Level 1.1 Armour
 + Level 2.1 Dodging
 - Level 1.7 Stealth
 + Level 2.0 Spellcasting
 * Level 4.0 Summonings


You couldn't memorise any spells.
You knew the following spells:

 Your Spells              Type           Power        Failure   Level  Hunger
a - Summon Small Mammal   Summ           ###.         3%          1    #......
b - Call Imp              Summ           ###.....     5%          2    ##.....
c - Call Canine Familiar  Summ           ###.....     11%         3    ###....

Your spell library contained the following spells:

 Spells                   Type           Power        Failure   Level  Hunger
 Summon Guardian Golem    Hex/Summ       ##......     26%         3    ###....
 Summon Ice Beast         Ice/Summ       ##......     63%         4    #####..
 Summon Lightning Spire   Summ/Air       ##......     63%         4    #####..


Dungeon Overview and Level Annotations

Branches:
Dungeon (2/15)


Innate Abilities, Weirdness & Mutations

You have an increased reservoir of magic. (+10% MP)


Message History

You are very lightly contaminated with residual magic.
Nothing appears to happen.
You see here a stone.
d - 76 stones (gained 1)
You see here a giant cockroach corpse.
You are feeling hungry.
You see here a stone.
You see here a stone.
You see here a stone.
Found a cabochon ring.
You see here a cabochon ring.
Your magical contamination has completely faded away.
A worker ant comes into view.
A phantom comes into view.
There is an open door here.
Casting: Call Canine Familiar (quite dangerous; 11% risk of failure)
Confirm with . or Enter, or press ? or * to list all spells.
The ogre hits you with a +0 giant club!
Ouch! That really hurt!
You die...

.. .# .# .# .# .#
##+## .##.##
##...## W....
##.....## .#.##
##.......##
....####.......r.#
.......'.......O@+
....####.........#
.#.## ##.......##
.### ##.....## a#
##...## ## ##+##


You could see an ogre and a friendly rat (summoned).

Vanquished Creatures
  2 dart slugs
  A leopard gecko (D:2)
  2 giant cockroaches
  3 goblins
  3 hobgoblins
  4 kobolds
  6 bats
  A quokka skeleton (D:4)
  6 rats
28 creatures vanquished.

Vanquished Creatures (collateral kills)
  A worm (D:2)
  3 bats (D:1)
  2 goblins (D:1)
  A hobgoblin (D:1)
  A frilled lizard (D:4)
8 creatures vanquished.

Grand Total: 36 creatures vanquished

Notes
Turn   | Place    | Note
-------+----------+-------------------------------------------
     0 | D:1      | Gwenloh the Demigod Summoner began the quest for the Orb.
     0 | D:1      | Reached XP level 1. HP: 14/14 MP: 5/5
  1175 | D:1      | Reached XP level 2. HP: 22/22 MP: 5/7
  1196 | D:1      | Learned a level 2 spell: Call Imp
  2060 | D:2      | Reached skill level 1 in Armour
  2327 | D:2      | Reached XP level 3. HP: 26/27 MP: 6/8
  2332 | D:2      | Learned a level 3 spell: Call Canine Familiar
  2656 | D:2      | You fall into a shaft and drop 2 floors!
  2659 | D:4      | Reached skill level 4 in Summonings
  2679 | D:4      | Noticed an ogre
  2696 | D:4      | HP: 1/27 [ogre/+0 giant club (26)]
  2743 | D:4      | Noticed a phantom
  2757 | D:4      | Mangled by an ogre

Illustrated notes

Levels and vault maps discovered:
D:1:      dpeg_arrival_subterranean_lakeside_camping, layout_basic,
          serial_bayou, serial_bayou_shore_b, serial_bayou_lagoon_a,
          serial_bayou_pond_e, serial_bayou_lake_a, serial_bayou_ford_a,
          serial_bayou_crossing
D:2:      layout_loops_ring, chequers_ecumenical_altar_island, first_ration
D:4:      layout_loops_corners, minmay_manual_mares

Skill      XL: |  1  2  3 |
---------------+----------+-----
Dodging        | 2 |  2.1
Armour         | 1 |  1.1
Spellcasting   | 2 |  2.0
Summonings     | 4 |  4.0
Fighting       | |  0.9
Stealth        | |  1.7

Action                   || total
-------------------------++-------
Melee: Unarmed           ||    62
       Club              ||    18
       Dagger            ||    93
 Fire: Hunting sling     ||    15
Throw: Stone             ||    43
 Cast: Summon Small Mamm ||    12
       Call Imp          ||     2
       Call Canine Famil ||     1
 Stab: Sleeping          ||     3
       Distracted        ||     1
  Eat: Chunk             ||     6
Armor: Robe              ||    65
       Leather armour    ||     2
Dodge: Dodged            ||   168
